 Dungeon Crawl Stone Soup version 0.31-a0-819-gf6de2f5ab6 (webtiles) character file.

Game seed: 3115309333325085800

18 qw the Shooter (level 2, -2/17 HPs)
             Began as a Gargoyle Hunter on Sept 23, 2023.
             Slain by a worm (7 damage)
             ... on level 2 of the Dungeon.
             The game lasted 00:00:18 (737 turns).

qw the Shooter (Gargoyle Hunter)                     Turns: 737, Time: 00:00:18

Health: -2/17      AC:  5    Str: 14    XL:     2   Next: 66%
Magic:  2/2        EV: 11    Int:  9    God:
Gold:   35         SH:  0    Dex: 13    Spells: 1/1 levels left

rFire   . . .        Y - +1 shortbow
rCold   . . .        (shield currently unavailable)
rNeg    + . .        c - +0 leather armour
rPois   inf          (no helmet)
rElec   +            (no cloak)
rCorr   .            (no gloves)
SInv    .            (no boots)
Will    .....        (no amulet)
Stlth   +            (no ring)
HPRegen 0.22/turn    (no ring)
MPRegen 0.08/turn

%: no passive effects
@: no status effects
A: sickness immunity, AC +2, negative energy resistance 1, electricity
resistance, torment resistance 1, petrification resistance
a: no special abilities


You were on level 2 of the Dungeon.
You visited 1 branch of the dungeon, and saw 2 of its levels.

You collected 35 gold pieces.


Innate Abilities, Weirdness & Mutations

You are immune to sickness and miasma.
Your stone body is resilient. (AC +2)
You are immune to poison.
You resist negative energy. (rN+)
You are resistant to electric shocks. (rElec)
You are resistant to unholy torment.
You are immune to petrification.


   Skills:
 - Level 2.1 Fighting
 + Level 4.7 Ranged Weapons
 - Level 1.5 Dodging
 - Level 1.1 Stealth


You had one spell level left.
You didn't know any spells.
Your spell library was empty.

Inventory:

Hand Weapons
 Y - a +1 shortbow (weapon)
Armour
 c - a +0 leather armour (worn)
Scrolls
 a - a scroll of teleportation
Potions
 e - a potion of curing
 f - a potion of mutation {unknown}
 i - a potion of brilliance {unknown}

Dungeon Overview and Level Annotations

Branches:
Dungeon (2/15)

Altars:


Message History

You climb downwards.
Found 9 gold pieces.
There is a stone staircase leading up here.
Waypoint 1 assigned to D:2.
You now have 35 gold pieces (gained 9).
There is a stone staircase leading up here.
A kobold comes into view. It is wielding a +0 dagger.
The kobold shouts!
You hear an angry hiss.
The kobold throws a stone.
The stone hits you but does no damage.
You shoot an arrow. The arrow hits the kobold.
You kill the kobold!
A frilled lizard comes into view.
You shoot an arrow. The arrow misses the frilled lizard.
You shoot an arrow. The arrow hits the frilled lizard.
The frilled lizard is heavily wounded.
You shoot an arrow.
The arrow barely misses the frilled lizard.
You shoot an arrow.
The arrow closely misses the frilled lizard.
You shoot an arrow. The arrow hits the frilled lizard.
You kill the frilled lizard!
Things that are here:
a +0 dagger; 2 stones
Found a bubbling blue potion.
You see here a staff of poison.
A worm comes into view.
Found an escape hatch in the floor.
Found a stone staircase leading down.
You shoot an arrow. The arrow barely misses the worm.
You shoot an arrow. The arrow barely misses the worm.
The worm bites you.
You shoot an arrow. The arrow completely misses the worm.
The worm bites you but does no damage.
You shoot an arrow. The arrow barely misses the worm.
You shoot an arrow. The arrow hits the worm!
The worm is moderately wounded.
The worm bites you!
You shoot an arrow. The arrow hits the worm.
The worm is heavily wounded.
The worm bites you!
You die...

#....###...
#..........
#..........
#..|.####..
#....# .
##.### ##.#
#..# #@##
#..w......
...!...>###
#............
#..........#.
#..........#
##.........#
#>........#


You could see a worm.

Vanquished Creatures
  A dart slug (D:1)
  A ball python (D:1)
  2 bats (D:1)
  A giant cockroach (D:1)
  2 goblins (D:1)
  2 frilled lizards
  4 kobolds
  2 rats (D:1)
15 creatures vanquished.

Notes
Turn   | Place    | Note
-------+----------+-------------------------------------------
     0 | D:1      | qw the Gargoyle Hunter began the quest for the Orb.
     0 | D:1      | Reached XP level 1. HP: 12/12 MP: 1/1
     0 | D:1      | 0 ||| qw: Version: 0.3-a-83-gcd0e7d8
     0 | D:1      | 0 ||| qw: Game counter: 1733
     0 | D:1      | 0 ||| qw: Melee chars always use a shield: true
     0 | D:1      | 0 ||| qw: God list: Okawaru
     0 | D:1      | 0 ||| qw: Allow faded altars: false
     0 | D:1      | 0 ||| qw: Do Orc after clearing Dungeon:15 true
     0 | D:1      | 0 ||| qw: Do second Lair branch before Depths: true
     0 | D:1      | 0 ||| qw: Lair rune preference: random
     0 | D:1      | 0 ||| qw: Goals: Normal
     0 | D:1      | 0 ||| PLANNING D:1-11
    56 | D:1      | 56 ||| Stepping ~*~*~tactically~*~*~ (retreating).
    62 | D:1      | HP: 2/12 [goblin/+0 dagger (2)]
    73 | D:1      | Reached XP level 2. HP: 7/17 MP: 2/2
   662 | D:1      | 662 ||| READING 2 scrolls labelled MOIZXO BIYN.
   665 | D:1      | 665 ||| READING scroll labelled YCICKOCHUP.
   666 | D:1      | 666 ||| READING scroll labelled ORIM MAGATUB.
   667 | D:1      | 667 ||| READING scroll labelled RECVUHA CALAESM.
   668 | D:1      | 668 ||| READING scroll labelled JYR DYCEDAG.
   669 | D:1      | 669 ||| READING scroll labelled TEUDIFR QEUMP.
   670 | D:1      | 670 ||| DRINKING 2 metallic yellow potions.
   671 | D:1      | 671 ||| DRINKING 2 black potions.
   672 | D:1      | 672 ||| DROPPING scroll of butterflies.
   673 | D:1      | 673 ||| DROPPING potion of attraction.
   737 | D:2      | Slain by a worm

Levels and vault maps discovered:
D:1:      shiori_arrival_oz, layout_loops_ring, minmay_pentomino_r4
D:2:      layout_rooms, serial_shops, nicolae_shop_rolling_square,
          hellmonk_ecumenical_altar_blasted, guppyfry_early_lair_pool

Action                     || total
---------------------------++-------
   Fire: Shortbow          ||    60
    Use: Scroll            ||     6
         Potion            ||     2
 Armour: Leather armour    ||    41
  Dodge: Dodged            ||    24

Table legend:
 A = Non-vault XP
 B = Vault XP
 C = Vault XP percentage of total XP
 D = Non-vault monster count
 E = Vault monster count
 F = Vault count percentage of total count
                 A         B        C        D         E       F
            +---------+---------+-------+---------+---------+-------
      Total |      14 |      12 |  46.2 |       9 |       6 |  40.0
            +---------+---------+-------+---------+---------+-------
        D:1 |      11 |      12 |  52.2 |       7 |       6 |  46.2
        D:2 |       3 |       0 |   0.0 |       2 |       0 |   0.0
            +---------+---------+-------+---------+---------+-------
